 Dungeon Crawl Stone Soup version 0.30.1-11-g7821555f0a (webtiles) character file.

Game seed: 7534161580878080892

144 ChrisAssaf the Firebug (level 5, -2/37 HPs)
             Began as a Human Fire Elementalist on Dec 13, 2023.
             Killed by nerve-wracking pain
             ... invoked by Menkaure
              (14 damage)
             ... in an ossuary.
             The game lasted 00:11:12 (2273 turns).

ChrisAssaf the Firebug (Human Fire Elementalist)    Turns: 2273, Time: 00:11:13

Health: -2/37      AC:  5    Str:  8    XL:     5   Next: 51%
Magic:  2/9        EV: 12    Int: 18    God:
Gold:   72         SH:  0    Dex: 13    Spells: 3/9 levels left

rFire   . . .        f - +0 sling
rCold   + . .        (no shield)
rNeg    . . .        a - +1 robe
rPois   .            (no helmet)
rElec   .            (no cloak)
rCorr   .            (no gloves)
SInv    .            (no boots)
Will    .....        (no amulet)
Stlth   ++           g - ring of protection from cold
HPRegen 0.26/turn    (no ring)
MPRegen 0.11/turn

%: clarity
@: no status effects
A: iridescent scales 1, clarity
a: no special abilities


You were in an ossuary.
You visited 1 branch of the dungeon, and saw 4 of its levels.
You also visited: Ossuary.

You collected 72 gold pieces.

Inventory:

Hand Weapons
 f - a +0 sling (weapon)
Armour
 a - a +1 robe (worn)
Jewellery
 g - a ring of protection from cold (left hand)
Wands
 b - a wand of polymorph (11)
Potions
 e - 2 potions of degeneration


   Skills:
 * Level 1.1 Fighting
 * Level 1.3 Ranged Weapons
 * Level 1.3 Armour
 * Level 2.2 Dodging
 * Level 2.4 Stealth
 * Level 2.7 Spellcasting
 * Level 1.4 Conjurations
 * Level 0.5 Hexes
 * Level 3.8 Fire Magic
 * Level 0.2 Evocations


You had 3 spell levels left.
You knew the following spells:

 Your Spells              Type           Power      Damage    Failure   Level
a - Foxfire               Conj/Fire      44%        2x1d6     6%          1
b - Scorch                Fire           32%        2d6       5%          2
c - Inner Flame           Hex/Fire       10%        N/A       21%         3

Your spell library contained the following spells:

 Spells                   Type           Power      Damage    Failure   Level
 Volatile Blastmotes      Fire/Tloc      18%        2d11      24%         3
 Flame Wave               Conj/Fire      11%        2d6       50%         4
 Alistair's Intoxication  Tmut/Pois      1%         N/A       99%         5
 Borgnjor's Vile Clutch   Necr/Erth      1%         N/A       99%         5
 Eringya's Noxious Bog    Tmut/Pois      1%         N/A       100%        6


Dungeon Overview and Level Annotations

Branches:
Dungeon (4/15)            Ossuary (1/1)
 Temple: D:4-7

Altars:

Annotations:
Ossuary Menkaure


Innate Abilities, Weirdness & Mutations

You are partially covered in iridescent scales. (AC +2)
You possess an exceptional clarity of mind.


Message History

Casting: Scorch (safe; 5% risk of failure)
Confirm with . or Enter, or press ? or * to list all spells.
Flames lash Menkaure.
Menkaure is burned terribly!
Menkaure is almost destroyed.
Menkaure calls on the powers of darkness!
Your body is wracked with pain!
Fire: f) +0 sling
Press: ? - help, Q - select action, (/) - cycle Shift-Dir - straight line, f - Menkaure
Aim: Menkaure (almost destroyed, more vulnerable to fire, 70% to hit)
You shoot a sling bullet.
The sling bullet barely misses Menkaure.
Menkaure gestures wildly while chanting.
Menkaure seems to speed up.
Fire: f) +0 sling
Press: ? - help, Q - select action, (/) - cycle Shift-Dir - straight line, f/p - Menkaure
Aim: Menkaure (almost destroyed, fast, more vulnerable to fire, 70% to hit)
You shoot a sling bullet.
The sling bullet hits Menkaure but does no damage.
Menkaure is almost destroyed.
Menkaure misses you. Menkaure hits you!
* * * LOW HITPOINT WARNING * * *
Unknown command.
Okay, then.
Casting: Scorch (safe; 5% risk of failure)
Confirm with . or Enter, or press ? or * to list all spells.
Okay, then.
Fire: f) +0 sling
Press: ? - help, Q - select action, (/) - cycle Shift-Dir - straight line, f/p - Menkaure
Aim: Menkaure (severely damaged, fast, more vulnerable to fire, 70% to hit)
You shoot a sling bullet. The sling bullet hits Menkaure.
Menkaure is almost destroyed.
Menkaure closely misses you.
Fire: f) +0 sling
Press: ? - help, Q - select action, (/) - cycle Shift-Dir - straight line, f/p - Menkaure
Aim: Menkaure (almost destroyed, fast, more vulnerable to fire, 70% to hit)
You shoot a sling bullet.
The sling bullet barely misses Menkaure.
Menkaure gestures at you while chanting.
Pain shoots through your body!
You die...

##..##..##..####..##..##..##
#..##..##..## ##..##..##.^##
..##..##..## ##..##..##..##
.##..##..## ##..##..##..##
##..##..## ##..##..##..##
#..##..## ##..##..##..## ..##..##
##..##..##..#
.##..##############''##..##..##..
##..............@M....##..##..##.
#########################..##..##
............................##..#
###############################..
.................................
#################################


You could see Menkaure (fast, combustible).

Vanquished Creatures
  A hound (D:3)
  3 mummies (Ossuary)
  An adder (D:2)
  An ufetubus (D:4)
  An orc (D:4)
  5 bats
  An endoplasm (D:2)
  2 giant cockroaches
  2 goblins
  3 hobgoblins
  A quokka (D:3)
  6 ball pythons
  A frilled lizard (D:1)
  5 gnoll skeletons (Ossuary)
  4 goblin skeletons (Ossuary)
  4 goblin zombies (Ossuary)
  2 hobgoblin skeletons (Ossuary)
  4 hobgoblin zombies (Ossuary)
  5 kobold skeletons (Ossuary)
  6 kobold zombies (Ossuary)
  5 orc skeletons (Ossuary)
  6 orc zombies (Ossuary)
  A rat (D:3)
  4 rat skeletons (Ossuary)
  3 rat zombies (Ossuary)
77 creatures vanquished.

Vanquished Creatures (others)
  43 foxfires
43 creatures vanquished.

Grand Total: 120 creatures vanquished

Notes
Turn   | Place    | Note
-------+----------+-------------------------------------------
     0 | D:1      | ChrisAssaf the Human Fire Elementalist began the quest for
                  | the Orb.
     0 | D:1      | Reached XP level 1. HP: 13/13 MP: 3/3
   118 | D:1      | Reached XP level 2. HP: 19/19 MP: 1/5
   121 | D:1      | Learned a level 2 spell: Scorch
   607 | D:2      | Gained mutation: You are partially covered in iridescent
                  | scales. (AC +2) [potion of mutation]
   607 | D:2      | Gained mutation: You possess an exceptional clarity of
                  | mind. [potion of mutation]
   807 | D:2      | Reached XP level 3. HP: 23/25 MP: 1/6
   811 | D:2      | Learned a level 3 spell: Inner Flame
  1232 | D:3      | Reached XP level 4. HP: 11/31 MP: 0/7
  1528 | D:4      | Found a sand-covered staircase.
  1538 | Ossuary  | Entered an ossuary
  1794 | Ossuary  | Reached skill level 1 in Fighting
  2057 | Ossuary  | Reached XP level 5. HP: 37/37 MP: 8/8
  2088 | Ossuary  | Reached skill level 1 in Ranged Weapons
  2137 | Ossuary  | Reached skill level 1 in Armour
  2265 | Ossuary  | Noticed Menkaure
  2273 | Ossuary  | Killed from afar by Menkaure

Illustrated notes

Levels and vault maps discovered:
D:1:      psy_arrival_radial01, layout_basic
D:2:      layout_loops_corners, basic_ecumenical_altar, solitary_fountain,
          grunt_ministairs_14, uniq_sigmund
D:3:      minmay_evil_eye, layout_basic, serial_shops, nicolae_diamond_shop,
          kennysheep_donut
D:4:      layout_basic, mainiacjoe_overflow_boulevard,
          nicolae_ossuary_entry_monument, kennysheep_opposing_triangles,
          uniq_edmund
Ossuary:  ossuary_due_pyramid

Skill      XL: |  1  2  3  4  5 |
---------------+----------------+-----
Fighting       | 1 |  1.1
Ranged Weapons | 1 |  1.3
Armour         | 1 |  1.3
Dodging        | |  2.2
Stealth        | |  2.4
Spellcasting   | |  2.7
Conjurations   | |  1.4
Hexes          | |  0.5
Fire Magic     | |  3.8
Evocations     | |  0.2

Action                     |  1- 3 |  4- 6 || total
---------------------------+-------+-------++-------
  Melee: Unarmed           |     2 |     7 ||     9
   Fire: Sling             |       |   129 ||   129
   Cast: Foxfire           |    19 |     8 ||    27
         Scorch            |    15 |    15 ||    30
         Inner Flame       |       |     6 ||     6
    Use: Potion            |     5 |     2 ||     7
         Scroll            |     4 |     1 ||     5
 Armour: Robe              |    17 |    12 ||    29
         Skin              |     3 |     3 ||     6
  Dodge: Dodged            |    52 |    33 ||    85
